Map: Ulrena

Players

LilDicky

  • Race: Zerg Zerg
  • League: Diamond

Resolute - Winner!

  • Race: Protoss Protoss
  • League: Gold

VOD

http://www.twitch.tv/tumescentpie

Description

Time

  • Played on: Dec. 15, 2015, 9:40 p.m.
  • Length: 5:51
Show
View Real Time Build Order
Export as new Build Order

LilDicky Zerg 

Build Orders: Pool First 

Get SALT Encoding   

  12  0:02  Drone  
  13  0:25  Spawning Pool  
  12  0:37  Overlord  
  12  1:13  Zergling x6  
  15  1:46  Zergling x2  
  15  1:47  Zergling x4  
  18  2:12  Zergling x2  
  18  2:13  Zergling x2  
  20  2:23  Zergling x2  
  20  2:40  Zergling x2  
  19  2:58  Zergling x2  
  19  2:59  Zergling x2  
  21  3:10  Hatchery  
  9  3:57  Zergling x2  
  9  3:58  Zergling x4  
  8  4:17  Drone  
  8  4:24  Spine Crawler  
  8  4:30  Drone  
  8  4:49  Spine Crawler  
  5  5:15  Zergling x2  
  5  5:16  Drone, Zergling x4  
Show
View Real Time Build Order
Export as new Build Order

Resolute Protoss - Winner!

Build Orders: 1 Gate Expand 

Get SALT Encoding   

  12  0:01  Probe (Chrono Boost)  
  13  0:11  Probe (Chrono Boost)  
  14  0:20  Pylon  
  14  0:23  Probe (Chrono Boost)  
  15  0:41  Gateway, Probe (Chrono Boost)  
  16  0:46  Assimilator  
  16  0:52  Probe (Chrono Boost)  
  17  1:02  Probe (Chrono Boost)  
  18  1:13  Probe (Chrono Boost)  
  19  1:27  Nexus  
  19  1:40  Cybernetics Core  
  19  1:41  Zealot (Chrono Boost)  
  21  1:47  Pylon  
  21  1:52  Assimilator  
  21  2:02  Probe  
  21  2:06  Zealot (Chrono Boost)  
  24  2:26  Mothership Core (Chrono Boost)  
  23  2:43  Stalker  
  25  2:46  Warp Gate  
  25  3:10  Pylon  
  25  3:39  Pylon  
  21  3:59  Stalker  
  23  4:05  Gateway  
  23  4:06  Probe (Chrono Boost)  
  23  4:07  Gateway  
  24  4:10  Gateway  
  24  4:11  Pylon  
  24  4:22  Twilight Council  
  24  4:38  Pylon  
  24  4:44  Probe (Chrono Boost)  
  23  4:46  Robotics Facility  
  23  4:47  Pylon  
  22  5:01  Zealot  
  24  5:07  Probe (Chrono Boost)  
  25  5:19  Probe (Chrono Boost)  
  26  5:21  Stalker  
  26  5:22  Stalker  
  30  5:29  Probe (Chrono Boost)  
  32  5:46  Zealot x2  
Tags
 
Add a new tag
Caveats
  • Supply blocks, unpowered buildings, or Contaminate may cause inaccurate times.
  • Supply counts are checked every 10 seconds.